 Dungeon Crawl Stone Soup version 0.29.1-1-gd02db6906a (webtiles) character file.

Game seed: 7441959434348139329

47 safid the Shooter (level 3, 0/31 HPs)
             Began as a Minotaur Hunter on Oct 19, 2022.
             Slain by Sigmund
             ... wielding a +0 scythe
              (6 damage)
             ... on level 2 of the Dungeon.
             The game lasted 00:01:13 (1550 turns).

safid the Shooter (Minotaur Hunter)                 Turns: 1550, Time: 00:01:13

Health: 0/31       AC:  3    Str: 15    XL:     3   Next: 48%
Magic:  2/2        EV: 12    Int:  6    God:
Gold:   52         SH:  0    Dex: 15    Spells: 2/2 levels left

rFire   . . .      SeeInvis +   a - +0 shortbow
rCold   . . .      Faith    .   (shield currently unavailable)
rNeg    . . .      Spirit   .   c - +0 leather armour
rPois   .          Reflect  .   (helmet restricted)
rElec   .          Harm     .   (no cloak)
rCorr   .          Rampage  .   (no gloves)
Will    .....                   (no boots)
Stlth   +.........              (no amulet)
HPRegen 0.10/turn               i - ring of see invisible
MPRegen 0.08/turn               (no ring)

@: no status effects
A: horns 2, retaliatory headbutt
a: no special abilities


You were on level 2 of the Dungeon.
You visited 1 branch of the dungeon, and saw 2 of its levels.

You collected 52 gold pieces.

Inventory:

Hand Weapons
 a - a +0 shortbow (weapon)
Armour
 c - a +0 leather armour (worn)
Jewellery
 g - a ring of ice
 i - a ring of see invisible (left hand)
Scrolls
 b - a scroll of immolation
 e - a scroll of silence {unknown}
 f - a scroll of fog {unknown}
 h - a scroll of enchant weapon {unknown}
 j - a scroll of identify {unknown}
Potions
 d - a potion of heal wounds {unknown}
 k - a potion of might {unknown}
 l - a potion of magic {unknown}


   Skills:
 - Level 3.0 Fighting
 + Level 5.6 Ranged Weapons
 - Level 2.1 Dodging
 - Level 0.7 Stealth


You had 2 spell levels left.
You didn't know any spells.
Your spell library contained the following spells:

 Spells                   Type           Power      Damage    Failure   Level
 Shock                    Conj/Air       0%         1d3       52%         1


Dungeon Overview and Level Annotations

Branches:
Dungeon (2/15)

Altars:

Annotations:
D:2 Sigmund


Innate Abilities, Weirdness & Mutations

You have a pair of horns on your head.
You reflexively headbutt those who attack you in melee.


Message History

You shoot an arrow. The arrow closely misses Sigmund.
Sigmund barely misses you.
You shoot an arrow. The arrow hits Sigmund.
Sigmund is almost dead.
Sigmund hits you from afar with a +0 scythe!
You are too injured to fight recklessly!
You are too injured to fight recklessly!
You are too injured to fight recklessly!
You are too injured to fight recklessly!
Fire: a) +0 shortbow
Press: ? - help, Q - select action Shift-Dir - straight line, f/p - Sigmund
Aim: Sigmund, wielding a +0 scythe and wearing a +0 robe (almost dead, 58% to hit)
You shoot an arrow. The arrow closely misses Sigmund.
Sigmund closely misses you.
Fire: a) +0 shortbow
Press: ? - help, Q - select action Shift-Dir - straight line, f/p - Sigmund
Aim: Sigmund, wielding a +0 scythe and wearing a +0 robe (almost dead, 58% to hit)
You shoot an arrow. The arrow closely misses Sigmund.
Sigmund hits you from afar with a +0 scythe.
* * * LOW HITPOINT WARNING * * *
Fire: a) +0 shortbow
Press: ? - help, Q - select action Shift-Dir - straight line, f/p - Sigmund
Aim: Sigmund, wielding a +0 scythe and wearing a +0 robe (almost dead, 58% to hit)
You shoot an arrow. The arrow completely misses Sigmund.
Sigmund hits you from afar with a +0 scythe.
* * * LOW HITPOINT WARNING * * *
Fire: a) +0 shortbow
Press: ? - help, Q - select action Shift-Dir - straight line, f/p - Sigmund
Aim: Sigmund, wielding a +0 scythe and wearing a +0 robe (almost dead, 58% to hit)
You shoot an arrow.
The arrow hits Sigmund but does no damage.
Sigmund is almost dead.
Fire: a) +0 shortbow
Press: ? - help, Q - select action Shift-Dir - straight line, f/p - Sigmund
Aim: Sigmund, wielding a +0 scythe and wearing a +0 robe (almost dead, 58% to hit)
You shoot an arrow.
The arrow hits Sigmund but does no damage.
Sigmund is almost dead.
Sigmund hits you from afar with a +0 scythe.
You die...

#.###....# ##
##########.##.....# #
#...................#
#
...#########.###.####
# ........####..##.#
..........###.##.#
#..##@#.....##.#
#..###..##.#### ##@#
##)......#
#.####....####
####.##.....##
........#.#.#
#######.#...#########
#.##..##.......
#..)†..<.######
##†....### #........#


You could see Sigmund.

Vanquished Creatures
  2 adders (D:2)
  A worm (D:2)
  A dart slug (D:1)
  2 endoplasms (D:2)
  2 giant cockroaches (D:1)
  3 goblins (D:2)
  3 hobgoblins
  4 ball pythons
  2 bats (D:1)
  2 kobolds (D:1)
  2 rats (D:1)
24 creatures vanquished.

Notes
Turn   | Place    | Note
-------+----------+-------------------------------------------
     0 | D:1      | safid the Minotaur Hunter began the quest for the Orb.
     0 | D:1      | Reached XP level 1. HP: 18/18 MP: 0/0
   478 | D:1      | Reached XP level 2. HP: 25/25 MP: 1/1
   690 | D:1      | Found a faded altar of an unknown god.
   713 | D:1      | Got Plato's Vellum of Feathers
  1029 | D:2      | Reached skill level 5 in Ranged Weapons
  1179 | D:2      | Reached XP level 3. HP: 18/31 MP: 2/2
  1531 | D:2      | Noticed Sigmund
  1550 | D:2      | Slain by Sigmund

Illustrated notes

Levels and vault maps discovered:
D:1:      dpeg_arrival_fog, layout_basic, shapermc_ecumenical_altar_rom_forum,
          serial_forest, infiniplex_forest_straight_2,
          infiniplex_forest_clump_curved, infiniplex_forest_lined_3,
          infiniplex_forest_corner_1, infiniplex_forest_clump_tiny,
          infiniplex_forest_corner_1, infiniplex_forest_end_2
D:2:      layout_rooms, uniq_sigmund, uniq_terence

Skill      XL: |  1  2 |
---------------+-------+-----
Fighting       | 3 |  3.0
Ranged Weapons | 5 |  5.6
Dodging        | |  2.1
Stealth        | |  0.7

Action                   || total
-------------------------++-------
 Fire: Shortbow          ||    83
Armor: Leather armour    ||     6
Dodge: Dodged            ||    25
